 Dungeon Crawl Stone Soup version 0.22-a0-398-g8bb545f (webtiles) character file.

2703560 Serpenta the Acrobat (level 27, 259/282 HPs)
             Began as a Deep Dwarf Chaos Knight on May 4, 2018.
             Escaped with the Orb
             ... and 4 runes!
             The game lasted 03:49:10 (57909 turns).

Serpenta the Acrobat (Deep Dwarf Chaos Knight)     Turns: 57909, Time: 03:49:11

Health: 259/282    AC: 43    Str: 33    XL:     27
Magic:  8/8        EV: 39    Int: 12    God:    Xom [.....*]
Gold:   5063       SH:  4    Dex: 32    Spells: 20/26 levels left

rFire    + + +     SeeInvis +   j - +6 battleaxe (vamp) {!w}
rCold    + + +     Gourm    .   (shield currently unavailable)
rNeg     + + +     Faith    .   G - +4 plate armour of an ossuary {*Drain rCorr Int+2 Dex+8}
rPois    +         Spirit   .   F - +2 helmet {SInv}
rElec    +         Reflect  +   I - +4 cloak of Recklessness {Regen+}
rCorr    +         Harm     .   J - +2 pair of gloves of Ifiwobbops {+Inv rPois rC+}
MR       +++++     Rnd*Rage +   l - +2 pair of boots Stlth ..........Rnd*Tele +
                                b - amulet of the Shining Light {Reflect rC+ rN++ Int-2 Slay+2 SH+4}
HPRegen  0.00/turn              f - ring "Iwkol" {Str+4 Slay+3}
MPRegen  0.11/turn              P - ring "Daleb" {rF++ MR+ Str+2 Dex+3}

@: mighty, agile, resistant, non-regenerating, hasted, very quick
A: damage resistance, heal wounds, camouflage 1, berserk 1, blink, dopey 1,
mutation resistance 1, negative energy resistance 1, sense surroundings 3,
teleportitis 1, weak 1, wild magic 1, sturdy frame 1, no regeneration
0: Orb of Zot
}: 4/15 runes: barnacled, silver, abyssal, gossamer
a: Heal Wounds, Blink, Renounce Religion, Evoke Invisibility


You escaped.
You worshipped Xom.
You were Xom's teddy bear.
You were not hungry.

You visited 9 branches of the dungeon, and saw 49 of its levels.
You visited the Abyss 1 time.
You also visited: Labyrinth, Ice Cave, Volcano and Desolation.

You collected 8835 gold pieces.
You spent 3772 gold pieces at shops.


Innate Abilities, Weirdness & Mutations

You are resistant to damage.
You can heal yourself by infusing magical energy.
You resist negative energy. (rN+)
You passively map a large area around you.
You do not regenerate.
Your skin changes colour to match your surroundings (Stealth+).
You tend to lose your temper in combat.
You can translocate small distances at will.
You are dopey. (Int -2)
You are somewhat resistant to further mutation.
You are occasionally teleported next to monsters.
You are weak. (Str -2)
Your spells are a little harder to cast, but a little more powerful.
Your movements are slightly less encumbered by armour. (ER -2)


   Skills:
 + Level 23.1 Fighting
 * Level 24.9 Axes
 - Level 14.0 Staves
 + Level 23.9 Armour
 * Level 24.9 Dodging
 - Level 12.0 Evocations


You had 20 spell levels left.
You knew the following spells:

 Your Spells              Type           Power        Failure   Level  Hunger
b - Blink                 Tloc           N/A          82%         2    ###....
s - Swiftness             Chrm/Air       #.......     82%         2    ###....
A - Passwall              Tmut/Erth      #.........   82%         2    ###....

Action                   |  1- 3 |  4- 6 |  7- 9 | 10-12 | 13-15 | 16-18 | 19-21 | 22-24 | 25-27 || total
-------------------------+-------+-------+-------+-------+-------+-------+-------+-------+-------++-------
Melee: Hand axe          |   113 |    48 |       |       |       |       |       |       |       ||   161
       War axe           |       |   102 |     4 |       |       |       |       |       |       ||   106
       Battleaxe         |       |       |   164 |   564 |  1450 |  1080 |  1174 |  1656 |  2091 ||  8179
       Halberd           |       |       |       |       |    20 |       |       |       |       ||    20
       Unarmed           |       |       |       |       |     2 |       |       |       |       ||     2
       Kick              |       |       |       |       |       |    10 |       |       |       ||    10
       Lajatang          |       |       |       |       |       |   157 |  1579 |       |       ||  1736
Throw: Throwing net      |       |       |       |     1 |       |       |       |       |       ||     1
 Abil: Heal Wounds       |       |     2 |     9 |    16 |    35 |    30 |    12 |       |     9 ||   113
       Evoke Flight      |       |       |       |       |     1 |     1 |       |       |       ||     2
       Evoke Invisibilit |       |       |       |       |       |     2 |       |     1 |       ||     3
Evoke: Wand              |       |     8 |    16 |    29 |    50 |    53 |    31 |    19 |    13 ||   219
       Sack of spiders   |       |       |       |       |       |     1 |       |       |     3 ||     4
       Lightning rod     |       |       |       |       |       |       |       |     7 |       ||     7
       Lamp of fire      |       |       |       |       |       |       |       |     1 |     1 ||     2
       Phial of floods   |       |       |       |       |       |       |       |       |     2 ||     2
       Phantom mirror    |       |       |       |       |       |       |       |       |     1 ||     1
  Use: Scroll            |     2 |    10 |     3 |    12 |    19 |     7 |    24 |     5 |    29 ||   111
       Potion            |       |       |     1 |     3 |     2 |    11 |     9 |     2 |    34 ||    62
 Stab: Paralysed         |     3 |       |       |     3 |     3 |     4 |     4 |       |       ||    17
       Distracted        |       |       |       |     1 |       |       |    13 |     7 |     8 ||    29
       Confused          |       |       |       |     4 |       |     6 |    14 |    15 |    40 ||    79
       Petrified         |       |       |       |       |     4 |     2 |     7 |       |       ||    13
       Invisible         |       |       |       |       |       |    28 |    13 |    11 |     1 ||    53
       Petrifying        |       |       |       |       |       |       |     1 |     3 |     1 ||     5
       Sleeping          |       |       |       |       |       |       |     1 |       |       ||     1
  Eat: Chunk             |       |     6 |     4 |    20 |    32 |    17 |    23 |    10 |    20 ||   132
       Ration            |       |     1 |     1 |     1 |     2 |     4 |     9 |     4 |     4 ||    26
Armor: Leather armour    |    33 |    54 |    79 |    53 |       |       |       |       |       ||   219
       Skin              |       |    25 |       |       |       |     9 |     3 |       |     1 ||    38
       Plate armour      |       |       |       |   224 |   565 |   516 |   811 |   530 |   755 ||  3401
Dodge: Dodged            |    61 |   103 |    89 |   348 |  1114 |  1265 |  2532 |  1982 |  2293 ||  9787
Block: Buckler           |     6 |    18 |     1 |       |       |       |       |       |       ||    25
       Other             |       |       |       |       |       |       |       |   133 |   312 ||   445
       Reflection        |       |       |       |       |       |       |       |     6 |     9 ||    15

Inventory:

Hand Weapons
 a - a +7 battleaxe of protection
 j - a +6 vampiric battleaxe (weapon) {!w}
 B - the +7 lajatang "Transmigrator" {freeze, rN+++ MR+ Int+3 Dex-3}
   (You took it off a deep elf sorcerer on level 3 of the Elven Halls)

   It has been specially enchanted to freeze those struck by it, causing extra
   injury to most foes and up to half again as much damage against particularly
   susceptible opponents.
   It can also slow down cold-blooded creatures.
   It affects your intelligence (+3).
   It affects your dexterity (-3).
   It renders you almost immune to negative energy.
   It affects your resistance to hostile enchantments.
Armour
 l - a +2 pair of boots (worn)
 F - a +2 helmet of see invisible (worn)
 G - the +4 plate armour of an ossuary (worn) {*Drain rCorr Int+2 Dex+8}
   (You acquired it on level 10 of the Dungeon)

   It affects your intelligence (+2).
   It affects your dexterity (+8).
   It protects you from acid and corrosion.
   It causes draining when unequipped.
 I - the +4 cloak of Recklessness (worn) {Regen+}
   (You bought it in a shop on level 4 of the Dungeon)

   It increases your rate of regeneration.
 J - the +2 pair of gloves of Ifiwobbops (worn) {+Inv rPois rC+}
   (You found it on level 3 of the Spider Nest)

   It protects you from cold.
   It protects you from poison.
   It lets you turn invisible.
Jewellery
 b - an amulet of the Shining Light (around neck) {Reflect rC+ rN++ Int-2 Slay+2 SH+4}
   (You bought it in a shop on level 1 of the Depths)

   [amulet of reflection]

   It shields you and reflects attacks.
   It affects your intelligence (-2).
   It affects your accuracy and damage with ranged weapons and melee attacks
   (+2).
   It protects you from cold.
   It greatly protects you from negative energy.
   It affects your SH (+4).
 f - the ring "Iwkol" (left hand) {Str+4 Slay+3}
   (You found it on level 5 of the Vaults)

   [ring of slaying]

   It affects your strength (+4).
   It affects your accuracy and damage with ranged weapons and melee attacks
   (+3).
 s - an uncursed ring of protection from fire
 y - an uncursed ring of flight
 H - an uncursed ring of resist corrosion
 P - the ring "Daleb" (right hand) {rF++ MR+ Str+2 Dex+3}
   (You bought it in a shop on level 2 of the Orcish Mines)

   [ring of strength]

   It affects your strength (+2).
   It affects your dexterity (+3).
   It greatly protects you from fire.
   It affects your resistance to hostile enchantments.
 V - the amulet "Ireni" {Gourm rF+}
   (You took it off a deep elf high priest on level 3 of the Elven Halls)

   [amulet of the gourmand]

   It allows you to eat raw meat even when not hungry.
   It protects you from fire.
Wands
 d - a wand of acid (16)
 q - a wand of clouds (5)
 L - a wand of digging (16)
 S - a wand of scattershot (11) {god gift}
Scrolls
 h - 4 scrolls of summoning
 i - 38 scrolls of remove curse
 k - 9 scrolls of teleportation
 o - 16 scrolls of identify
 t - 11 scrolls of magic mapping
 u - 7 scrolls of fog
 C - 5 scrolls of fear
 R - 3 scrolls of silence
 W - 4 scrolls of blinking
 X - 12 scrolls of enchant armour
 Z - a scroll of holy word
Potions
 g - a potion of haste
 m - 7 potions of curing
 n - 4 potions of cancellation
 p - 2 potions of agility
 r - 5 potions of mutation
 w - 2 potions of invisibility
 x - 7 potions of heal wounds
 A - 4 potions of magic
 K - a potion of flight
 Y - 2 potions of resistance
Miscellaneous
 v - a lightning rod (4/4)
 E - a fan of gales
 M - 3 phantom mirrors
 N - a phial of floods
 O - 4 sacks of spiders
 Q - a lamp of fire (inert)
Comestibles
 c - 71 rations

#..†.............##.#
#(#######'#..#...##+###
#.#....##.#.^#.........
#.#.##≈##≈#..#.........
#.'..#≈≈≈##..#.........
########.≈#.>..........
#≈≈≈≈≈≈.##.########..
##≈#≈###≈.#.#......#..
#.≈.≈@≈.≈#..#......#).
##≈≈≈≈≈≈≈##.#.....)#..
####'#####.'......'..
#...#####......#..
########....# #......#..
#...........# #.[....#..
#........##.# ######)..#
#........##.#########.###
#........##.#.........#


There were no monsters in sight!

Vanquished Creatures
  A pandemonium lord (Depths:5)
  3 ancient liches
  6 orbs of fire
  2 juggernauts (Depths:4)
  Boris (Depths:3)
  Bai Suzhen (Vaults:3)
  Sojobo (Depths:3)
  A shard shrike (Depths:2)
  A caustic shrike (shapeshifter) (Depths:1)
  Frederick (Vaults:5)
  A Killer Klown (Zot:5)
  Xtahua (Depths:3)
  2 caustic shrikes (Depths:4)
  11 golden dragons
  2 curse toes
  Arachne (Spider:4)
  2 electric golems
  14 Orb Guardians
  An Ice Fiend (Depths:4)
  3 deep elf blademasters (Elf:3)
  21 tentacled monstrosities
  7 titans
  7 quicksilver dragons
  2 death cobs
  3 deep elf master archers (Elf:3)
  4 liches
  2 Executioners
  Kirke (D:12)
  2 sphinxes
  A kraken (Shoals:1)
  7 shadow dragons
  22 storm dragons
  6 draconian monks
  16 tengu reavers
  4 tentacled starspawn (Abyss:4)
  Agnes (Spider:4)
  An azure jelly (shapeshifter) (Vaults:2)
  An azure jelly (Spider:1)
  10 fire giants
  Ilsuiw (Shoals:4)
  2 imperial myrmidons (Desolation)
  8 frost giants
  6 ghost moths
  2 draconian knights
  12 vault wardens
  4 emperor scorpions
  2 iron dragons
  Louise (Spider:3)
  10 deep elf sorcerers
  An orc warlord (Orc:2)
  12 deep elf elementalists
  A draconian stormcaller (Zot:2)
  5 draconian scorchers
  4 draconian shifters
  2 cacodemons
  A spriggan defender (Depths:4)
  2 war gargoyles (Vaults:5)
  31 stone giants
  4 entropy weavers
  15 very ugly things
  17 ironheart preservers
  6 deep elf demonologists
  5 draconian annihilators
  7 green draconians
  6 black draconians
  4 vampire knights
  7 yellow draconians
  6 deep elf annihilators
  A dire elephant (Lair:5)
  12 purple draconians
  12 white draconians
  2 halazid warlocks (Desolation)
  11 deep elf death magi
  16 spark wasps
  2 minotaurs
  10 red draconians
  A green death (Abyss:4)
  A blizzard demon (IceCv)
  16 ettins
  4 merfolk javelineers (Shoals:4)
  15 deep elf high priests
  8 great orbs of eyes
  2 crystal guardians (Desolation)
  6 ragged hierophants (Desolation)
  13 fire dragons
  22 yaktaur captains
  11 merfolk impalers
  Josephine (Shoals:1)
  5 hydras
  14 ice dragons
  10 servants of whispers (Desolation)
  2 catoblepae
  7 peacekeepers (Desolation)
  6 rakshasas
  A spriggan air mage (Depths:5)
  6 merfolk avatars
  8 centaur warriors
  33 vault guards
  4 merfolk aquamancers
  16 ogre magi
  18 deep troll earth magi
  An alligator (Lair:6)
  51 two-headed ogres
  14 dancing weapons
  A catoblepas (shapeshifter) (Depths:4)
  4 alligator snapping turtles
  10 death yaks
  9 tengu warriors
  2 hell hogs (Abyss:4)
  5 thrashing horrors (Abyss:4)
  3 vampire magi
  4 orc high priests
  8 deep troll shamans
  6 hell knights
  4 spriggan berserkers
  2 sun demons
  A soul eater (Abyss:4)
  16 deep elf knights
  A shadow wraith (Abyss:4)
  An iron troll (Depths:1)
  9 skeletal warriors
  5 wretched stars (Abyss:4)
  4 sixfirhies
  3 unseen horrors
  16 sea snakes
  11 wizards
  24 deep trolls
  A fire crab (shapeshifter) (Vaults:2)
  A deep troll (shapeshifter) (Vaults:5)
  10 starcursed masses (Abyss:4)
  15 deep elf archers
  A gelid demonspawn (Depths:5)
  5 flayed ghosts (Depths:4)
  A phantasmal warrior (Vaults:5)
  A glowing orange brain (Vaults:1)
  A tengu zombie (Vaults:2)
  6 lindwurms
  A lindwurm (shapeshifter) (Abyss:4)
  An anaconda skeleton (Volcano)
  13 ironbrand convokers
  17 harpies
  18 orb spiders
  68 deep elf magi
  9 necromancers
  16 orc knights
  A mana viper (shapeshifter) (Depths:3)
  8 orc sorcerers
  A shining eye (shapeshifter) (Depths:2)
  2 wolf spider zombies (D:15)
  25 moths of wrath
  23 wolf spiders
  A manticore (shapeshifter) (Vaults:4)
  A faun (shapeshifter) (Depths:4)
  5 fauns
  18 manticores
  2 frost giant zombies
  2 oklob plants
  48 ugly things
  2 sphinx skeletons
  16 cyclopes
  3 worldbinders (Abyss:4)
  A salamander (shapeshifter) (Depths:2)
  7 elephants
  A salamander (Abyss:4)
  8 merfolk sirens
  A stone giant skeleton (Vaults:3)
  An eye of devastation (Abyss:4)
  Maurice (D:8)
  4 guardian serpents
  6 centaur zombies
  6 black mambas
  6 water nymphs
  An ice statue (IceCv)
  A guardian serpent (shapeshifter) (Lair:5)
  A molten gargoyle (Desolation)
  A toenail golem (D:3)
  14 vault sentinels
  A smoke demon (Abyss:4)
  5 centaur skeletons
  6 gargoyles
  9 spiny frogs
  2 torpor snails
  A hellion (Depths:3)
  5 komodo dragons
  A yaktaur (shapeshifter) (Vaults:3)
  2 orange demons
  A rime drake (shapeshifter) (D:12)
  3 yaktaur zombies
  An efreet (Abyss:4)
  3 rime drakes
  8 freezing wraiths
  59 yaktaurs
  9 demonic crawlers
  A hellwing (Abyss:4)
  14 ice devils (IceCv)
  5 tengu conjurers
  3 red devils
  23 jumping spiders
  2 yaktaur skeletons
  An elf (Vaults:2)
  The ghost of Serpenta the Slasher, an amateur DDCK of Xom (D:5)
  10 polar bears (Lair:6)
  A meliai (shapeshifter) (Depths:3)
  17 large abominations
  21 merfolk
  A troll (shapeshifter) (Vaults:4)
  A queen bee (Shoals:4)
  12 trolls
  3 ancient zymes (Abyss:4)
  A polar bear (shapeshifter) (Abyss:4)
  3 meliai (D:13)
  2 wind drakes
  52 saltlings (Desolation)
  13 hornets
  A harpy skeleton (Volcano)
  5 raiju
  10 snapping turtles
  16 blink frogs
  A hippogriff (shapeshifter) (Depths:1)
  35 slime creatures
  2 hornets (shapeshifter)
  A dream sheep (shapeshifter) (Spider:2)
  2 dream sheep (Lair:6)
  21 hippogriffs
  A snapping turtle (shapeshifter) (Depths:4)
  A fire giant simulacrum (Vaults:1)
  A spriggan zombie (Depths:1)
  6 vampires
  2 air elementals (Abyss:4)
  A centaur simulacrum (D:15)
  An ettin skeleton (Depths:1)
  5 flying skulls
  2 shadows
  2 spriggans (Depths:5)
  A spriggan (shapeshifter) (Depths:3)
  4 ynoxinuls
  73 redbacks
  18 tarantellas
  16 water elementals
  8 wraiths
  2 hogs
  4 wyverns
  A basilisk (shapeshifter) (Vaults:5)
  59 yaks
  6 hungry ghosts
  5 vampire mosquitoes (D:14)
  A golden eye (Abyss:4)
  5 chaos spawn
  4 neqoxecs
  A fire elemental (Elf:1)
  3 basilisks
  2 soldier ants
  A soldier ant (shapeshifter) (Vaults:5)
  A yaktaur simulacrum (Vaults:3)
  10 wargs
  2 acid dragons
  11 water moccasins
  Duvessa (D:6)
  3 floating eyes
  17 hell hounds
  16 porcupines
  5 ice beasts
  3 sky beasts
  3 phantoms
  44 orc warriors
  16 black bears
  3 necrophages
  30 ogres
  14 wolves (Lair:6)
  A boggart (shapeshifter) (Vaults:3)
  18 boggarts
  19 small abominations
  28 centaurs
  An elf simulacrum (Depths:1)
  4 human skeletons
  3 human zombies (Vaults:3)
  8 crocodiles
  3 earth elementals
  4 big kobolds
  Blork the orc (D:6)
  14 bullfrogs
  A bullfrog (shapeshifter) (D:13)
  A deep troll simulacrum (Vaults:3)
  Dowan (D:6)
  A wyvern skeleton (D:13)
  A water moccasin zombie (D:9)
  8 killer bees
  4 scorpions
  14 wights
  8 electric eels
  A spriggan skeleton (Volcano)
  3 howler monkeys
  A troll skeleton (Volcano)
  8 crimson imps
  A human simulacrum (Vaults:1)
  4 quasits
  A bullfrog skeleton (D:7)
  Crazy Yiuf (D:3)
  8 hounds
  22 orc priests
  2 iron imps
  3 jellies
  A gnoll shaman (Orc:1)
  5 iguanas
  11 worker ants
  Ijyb (D:4)
  35 orc wizards
  6 hell rats (Lair:6)
  A naga skeleton (Volcano)
  A hound zombie (D:9)
  4 hound skeletons
  A howler monkey zombie (D:6)
  A worker ant zombie (D:7)
  10 gnolls
  10 adders
  A shadow imp (D:6)
  10 white imps
  9 ufetubi
  An adder skeleton (D:7)
  3 worms
  2 dart slugs
  5 leopard geckos
  98 orcs
  5 giant cockroaches
  16 goblins
  5 hobgoblins
  A hobgoblin (shapeshifter) (Vaults:5)
  6 jackals
  7 quokkas
  8 bats
  9 frilled lizards
  27 kobolds
  A leopard gecko skeleton (D:6)
  A quokka zombie (D:9)
  10 rats
  5 crawling corpses
  3 fire vortices
  2 fungi (Lair:6)
  13 plants
  2 starspawn tentacles (Abyss:4)
  2 tentacles (Shoals:1)
2621 creatures vanquished.

Vanquished Creatures (collateral kills)
  Polyphemus (Shoals:3)
  A storm dragon (Zot:5)
  A ghost moth (Spider:4)
  3 deep elf sorcerers
  A draconian shifter (Zot:1)
  2 stone giants
  A green draconian (Zot:5)
  A white draconian (Zot:5)
  A purple draconian (Zot:5)
  A merfolk javelineer (Shoals:4)
  3 merfolk impalers
  2 ice dragons
  A rakshasa (Depths:3)
  A servant of whispers (Desolation)
  2 vault guards (Vaults:5)
  A cyclops (D:13)
  2 deep elf magi
  A merfolk siren (Shoals:1)
  A vault sentinel (Vaults:5)
  A spiny frog (Lair:5)
  2 merfolk (Shoals:2)
  A saltling (Desolation)
  2 yaks
  A large abomination (Abyss:4)
  A boggart (Vaults:3)
  A bullfrog (Lair:5)
  A fire vortex (Depths:3)
37 creatures vanquished.

Vanquished Creatures (others)
  A pandemonium lord (Zot:4)
  Asterion (Spider:4)
  An eldritch tentacle (Vaults:4)
  A tengu reaver (Depths:3)
  A draconian monk (Zot:5)
  A deep elf elementalist (Vaults:5)
  A stone giant (Depths:4)
  A deep elf annihilator (Vaults:2)
  2 vampire knights
  A merfolk javelineer (Shoals:4)
  A deep elf high priest (Elf:3)
  A vault guard (Vaults:5)
  A merfolk aquamancer (Shoals:4)
  3 dancing weapons
  A deep troll shaman (Depths:3)
  A tengu warrior (Depths:4)
  2 deep trolls (Depths:3)
  A glowing orange brain (Depths:4)
  A wizard (D:15)
  2 deep elf archers
  An orb spider (Spider:2)
  An elephant (Lair:2)
  2 yaktaurs (Depths:3)
  A komodo dragon (Lair:4)
  2 saltlings (Desolation)
  A yak (Lair:3)
  2 boggarts
  A centaur (Depths:3)
  A small abomination (Abyss:4)
  An orc priest (Vaults:5)
  2 ufetubi (IceCv)
  2 orcs (Elf:2)
  A crawling corpse (Vaults:5)
  10 fungi
  32 plants
  10 starspawn tentacles (Abyss:4)
  4 tentacles (Shoals:1)
99 creatures vanquished.

Grand Total: 2757 creatures vanquished

Vault maps used:
D:1:      ncdulo_wetmaze
D:2:      grunt_temple_overflow_open, first_ration
D:3:      gammafunk_temple_overflow_pools, uniq_crazy_yiuf_cottage
D:4:      serial_shops, nicolae_shop_crystal, shop_statue,
          nicolae_shop_behind_doors, nicolae_shop_waterfront,
          nicolae_shop_behind_doors, uniq_ijyb
D:5:      ashenzari_altar_1, vehumet_statue, minmay_misc_feat_alley
D:6:      grunt_ministairs_12, minmay_three_doors, uniq_blork_the_orc,
          uniq_duvessa
D:7:      lemuel_crystal_altar, minmay_temple_entry_from_below_a, basic_altar
D:8:      uniq_maurice
D:9:      nicolae_xom_altar_mimics, led_sif_book
D:10:     orc_0_dummy
D:11:     minmay_lair_entry_lava
D:12:     blue_anna_alchemist, fedhas_altar_3, uniq_kirke
D:13:     david_vaults_1, portal_ice_cave_entry_pillars_1, basic_altar,
          minivault_27, minmay_ruined_shrine
D:15:     grunt_enter_depths_magical_seal, serial_shops, shop, shop_statue,
          nicolae_shop_temple_entry_statues_fountains,
          nicolae_shop_behind_doors, nicolae_shop_statue_plus
Lair:1:   beast_lair_carwin_10, infiniplex_staircase_pool_2
Lair:2:   lab_entry_generic, st_stairs_9, infiniplex_staircase_pool,
          minmay_lair_oklob_chamber
Lair:3:   spider_nest_entry_funnel_web, minmay_lair_oklob_items,
          minmay_lindwurm_lava, grunt_megastairs_4
Lair:4:   minmay_shoals_entry_centaurs, beast_lair_carwin_5, grunt_megastairs_5,
          serial_bayou_shore_b
Lair:6:   hangedman_lair_in_review, hangedman_lair_caniforms_friends,
          minmay_slime_entry_oklob_enclosed, nicolae_volcano_entry_lava_flow
Shoals:1: lemuel_centaur_altar, uniq_josephine
Shoals:2: serial_shops, shop
Shoals:3: nicolae_shoals_siren_and_animal_friends
Shoals:4: shoals_end_hangedman, shoals_ilsuiw_alternative,
          nicolae_shoals_mertower, uniq_polyphemus
Spider:2: nicolae_orb_stairs
Spider:3: portal_ice_cave_entry_pillars_four, uniq_nikola, uniq_louise
Spider:4: spider_rune_water, uniq_asterion, uniq_arachne, uniq_agnes
Orc:1:    serial_shops, nicolae_shop_trees, shop,
          nicolae_shop_overgrown_old_shop, shop, nicolae_shop_waterfront,
          statue_in_the_mist_lemuel, mines3_lemuel
Orc:2:    st_orc_congregation, basic_altar, nicolae_orc_pool_cavern
Elf:1:    minmay_elf_arrival_summoners, serial_shops, shop, shop_statue,
          nicolae_shop_behind_doors, shop, portal_desolation_entry_nicolae_slug,
          minmay_elf_annihilation, minmay_fountain_box
Elf:3:    nooodl_elf_gasket, serial_shops, shop_statue, minmay_misc_feat_pillars
Vaults:1: hangedman_vaults_river_flow, hangedman_vaults_variations, v_rooms_3,
          vaults_standard_mumra_enter_the_diamond,
          vaults_room_hangedman_quadrants, vaults_dpeg_diagonal,
          nicolae_vaults_little_squares_5, hangedman_vaults_maws
Vaults:2: vaults_dpeg_encased_lava, v_pattern_1, v_misc_27, v_rooms_2,
          hangedman_vaults_restitches, ontoclasm_vaults_decontamination,
          v_misc_30, hangedman_vaults_maws, vaults_room_door_ring,
          ontoclasm_vaults_hangar, nicolae_vaults_little_squares_6,
          nicolae_vaults_holding_cells, nicolae_vaults_theta, serial_shops, shop
Vaults:3: v_misc_33, ontoclasm_vaults_chip, minmay_crypt_entry_vampire_xt,
          v_misc_30, nicolae_vaults_back_hallway, ontoclasm_vaults_fault,
          vaults_mumra_chevron_long, hangedman_vaults_slither,
          grunt_vaults_diagonal, vaults_dpeg_ring,
          nicolae_vaults_stairing_the_circle, v_misc_26, vaults_room_grid,
          serial_shops, nicolae_shop_temple_entry_statues_fountains
Vaults:4: vaults_room_fancy_cross, nicolae_vaults_triangles, v_alt_pattern_3,
          v_misc_33, ontoclasm_vaults_claustrophobia, v_misc_9, uniq_bai_suzhen
Vaults:5: uniq_frederick
Depths:1: enter_ziggurat_a, hell_entry, minmay_strange_pillars,
          grunt_ministairs_6, minivault_15, nicolae_rare_books,
          minmay_shop_grove, serial_bayou_shore_a
Depths:2: lemuel_castle_with_subvaults, corexii_corridor_pit, hell_entry,
          abyss_entry, minmay_holes
Depths:3: cheibrodos_birdhouse, hell_entry, grunt_pan_entry_spiral, hex_tiny,
          hangedman_decor_slide_cut, spider_trap, kennysheep_random_hallway,
          serial_bayou_shore_b, infiniplex_staircase_split_hallway,
          serial_bayou_shore_b, uniq_boris, uniq_xtahua, uniq_sojobo
Depths:4: minmay_the_grid_ultimate, abyss_entry, hell_entry
Depths:5: evilmike_zot_entry_basic, hell_entry, tso_metal_star,
          hangedman_abyss_entry_splay
Zot:1:    st_stairs_9
Zot:4:    zot_minivault_6
Abyss:4:  evilmike_abyss_rune_ettins, minivault_1
Lab:      nicolae_lab_plus, nicolae_lab_big_swirl, nicolae_lab_checkerboard,
          nicolae_lab_statue, nicolae_lab_arrow, lab_block
IceCv:    ice_cave_small_demon
Volcano:  volcano_tomb


Message History

You feel yourself speed up.
You feel agile all of a sudden.
You feel very mighty all of a sudden.
You feel protected.
You are confused.
You feel invigorated.
You are more confused.
You feel more invigorated.
You are more confused.
You feel more invigorated.
You feel better.
You feel less invigorated.
You feel better.
You recover from your berserk rage.
You feel better.
You feel better.
You feel better.
You feel better.
You feel better.
You feel better.
You have escaped!

Notes
Turn   | Place    | Note
-------+----------+-------------------------------------------
     0 | D:1      | Serpenta the Deep Dwarf Chaos Knight began the quest for the Orb.
     0 | D:1      | Reached XP level 1. HP: 20/20 MP: 1/1
     6 | D:1      | XOM: silly message
    47 | D:1      | XOM: silly message
    54 | D:1      | Reached XP level 2. HP: 27/27 MP: 2/2
   258 | D:1      | Reached XP level 3. HP: 31/33 MP: 3/3
   433 | D:1      | XOM: silly message
   488 | D:1      | XOM: summons 1 hostile shadow creature
   738 | D:2      | Found a hide-covered altar of Uskayaw.
   738 | D:2      | Found a blossoming altar of Fedhas.
   738 | D:2      | Found an iron altar of Okawaru.
   738 | D:2      | Found a shadowy altar of Dithmenos.
   738 | D:2      | Found a sacrificial altar of Ru.
   804 | D:2      | Reached skill level 5 in Axes
  1021 | D:2      | Reached XP level 4. HP: 31/40 MP: 4/4
  1667 | D:3      | Noticed an orc warrior
  1668 | D:3      | I WANT HIS AXE
  1668 | D:3      | (i also don't want to die)
  1721 | D:4      | XOM: potion effect (brilliance)
  1923 | D:4      | Found Itubb's Magic Scroll Shop.
  1926 | D:4      | Bought a scroll of magic mapping for 45 gold pieces
  1926 | D:4      | Bought a scroll of identify for 26 gold pieces
  1926 | D:4      | Bought a scroll of identify for 26 gold pieces
  1950 | D:4      | Found Joigamem's Weapon Emporium.
  2008 | D:4      | XOM: divination: detect creatures
  2019 | D:4      | Found Xeegierr's Armour Shop.
  2027 | D:4      | Bought a +0 helmet for 45 gold pieces
  2054 | D:4      | Found Plog's Food Boutique.
  2108 | D:4      | Reached XP level 5. HP: 34/46 MP: 4/4
  2233 | D:4      | Noticed Ijyb
  2242 | D:4      | Killed Ijyb
  2337 | D:4      | XOM: potion effect (brilliance)
  2385 | D:4      | XOM: silly message
  2466 | D:3      | XOM is BORED!
  2466 | D:3      | XOM: harmless Tmut miscast
  2608 | D:3      | Found a runed door.
  2614 | D:3      | XOM: silly message
  2770 | D:4      | Found Teavygai's Food Shop.
  3084 | D:4      | XOM: silly message
  3092 | D:5      | Entered Level 5 of the Dungeon
  3128 | D:5      | XOM: potion effect (might)
  3129 | D:5      | Reached skill level 1 in Evocations
  3129 | D:5      | Reached XP level 6. HP: 23/55 MP: 5/5
  3176 | D:5      | Noticed Serpenta's ghost (amateur DDCK)
  3357 | D:5      | Noticed a hippogriff
  3370 | D:5      | XOM: confuse monster(s)
  3380 | D:5      | XOM: cast spell 'Statue Form'
  3383 | D:5      | XOM: confusion
  3392 | D:5      | XOM: harmless Conj miscast
  3405 | D:5      | Killed a hippogriff
  3405 | D:5      | Reached skill level 5 in Evocations
  3405 | D:5      | Reached XP level 7. HP: 16/61 MP: 6/9
  3499 | D:3      | XOM: swap monsters
  3590 | D:3      | Found a burning altar of Makhleb.
  3591 | D:3      | Found an ancient bone altar of Kikubaaqudgha.
  3776 | D:3      | Noticed Crazy Yiuf
  3777 | D:3      | Killed Crazy Yiuf
  3988 | D:5      | Found a shattered altar of Ashenzari.
  4045 | D:5      | XOM: cloud trail
  4230 | D:6      | Noticed Blork the orc
  4243 | D:6      | Killed Blork the orc
  4272 | D:6      | XOM: cloud trail
  4503 | D:6      | Reached XP level 8. HP: 40/72 MP: 10/10
  4798 | D:6      | Noticed Duvessa
  4798 | D:6      | Noticed Dowan
  4809 | D:6      | Killed Duvessa
  4815 | D:6      | Killed Dowan
  4913 | D:6      | XOM: polymorph scorpion -> howler monkey
  4914 | D:6      | Reached skill level 5 in Fighting
  4978 | D:6      | Noticed a tengu warrior
  4978 | D:6      | XOM: destruction
  4983 | D:6      | Killed a tengu warrior
  4983 | D:6      | Reached skill level 10 in Axes
  5262 | D:7      | XOM: enchant monster (good)
  5263 | D:7      | Gained mutation: You passively map the area around you. [Deep Dwarf growth]
  5263 | D:7      | Reached XP level 9. HP: 67/82 MP: 10/10
  5358 | D:7      | Found an ornate altar of the Wu Jian Council.
  5512 | D:7      | Noticed a two-headed ogre
  5521 | D:7      | Killed a two-headed ogre
  5587 | D:7      | XOM: divination: detect items
  5595 | D:7      | XOM: summons friendly iron imp
  5652 | D:7      | Found a blossoming altar of Fedhas.
  5671 | D:7      | XOM: scenery: create altars
  5926 | D:8      | Noticed Maurice
  5935 | D:8      | XOM: fog
  5940 | D:8      | Killed Maurice
  5940 | D:8      | Reached XP level 10. HP: 65/91 MP: 10/10
  6035 | D:7      | Found a staircase to the Ecumenical Temple.
  6081 | D:8      | XOM is BORED!
  6081 | D:8      | XOM: give mutations
  6081 | D:8      | Gained mutation: You are clumsy. (Dex -2) [Xom's mischief]
  6081 | D:8      | Gained mutation: Scrolls take you a little longer to read. [Xom's mischief]
  6081 | D:8      | Gained mutation: You are frail. (-10% HP) [Xom's mischief]
  6081 | D:8      | Gained mutation: You are partially covered in thin metallic scales. (AC +2) [Xom's mischief]
  6289 | D:8      | XOM: god gift: 5 rations {god gift}
  6319 | D:8      | XOM: scenery: create altars
  6346 | D:8      | Noticed a two-headed ogre
  6355 | D:8      | Killed a two-headed ogre
  6393 | D:8      | XOM: confusion
  6441 | D:8      | XOM: harmless Conj miscast
  6641 | D:9      | Found a shimmering altar of Xom.
  6641 | D:9      | Found a shimmering altar of Xom.
  6674 | D:9      | XOM: medium Tmut miscast
  6791 | D:9      | Found a shimmering altar of Xom.
  6791 | D:9      | Found a shimmering altar of Xom.
  6791 | D:9      | Found a shimmering altar of Xom.
  6799 | D:9      | XOM: noise
  6808 | D:9      | XOM: divination: detect items
  6809 | D:9      | Found a shimmering altar of Xom.
  6809 | D:9      | Found a shimmering altar of Xom.
  6809 | D:9      | XOM: swap monsters
  7080 | D:9      | XOM: harmless Tmut miscast
  7101 | D:9      | XOM: 2-stop teleportation journey
  7104 | D:9      | XOM: blink monster(s)
  7119 | D:9      | Reached skill level 15 in Axes
  7236 | D:9      | Found a deep blue altar of Sif Muna.
  7374 | D:9      | XOM: noise
  7688 | D:10     | Entered Level 10 of the Dungeon
  7691 | D:10     | XOM: summons friendly white imp
  7737 | D:10     | XOM: 1-stop teleportation journey
  8010 | D:10     | Identified a scroll of acquirement
  8010 | D:10     | Got a dazzling plate armour
  8021 | D:10     | Identified the +4 plate armour of an ossuary {*Drain rCorr Int+2 Dex+8} (You acquired it on level 10 of the Dungeon)
  8082 | D:10     | Noticed a gargoyle
  8090 | D:10     | Killed a gargoyle
  8131 | D:10     | Found a staircase to the Orcish Mines.
  8139 | D:10     | XOM: 1-stop teleportation journey
  8168 | D:10     | XOM: 2-stop teleportation journey
  8270 | D:10     | Reached XP level 11. HP: 58/87 MP: 9/9
  8548 | D:11     | XOM: fog
  8607 | D:11     | Found a staircase to the Lair.
  8649 | D:11     | XOM: cleaving
  8766 | D:11     | XOM: fog
  9046 | D:4      | Bought the +4 cloak of Recklessness {Regen+} for 315 gold pieces
  9181 | D:11     | Noticed a two-headed ogre
  9184 | D:11     | XOM: potion effect (heal wounds)
  9187 | D:11     | Killed a two-headed ogre
  9220 | D:10     | XOM: scenery: 1 doors close
  9228 | D:11     | Reached skill level 5 in Armour
  9358 | D:11     | XOM: mild Conj miscast
  9681 | D:11     | Noticed a brown ugly thing
  9691 | D:11     | Killed a brown ugly thing
 10032 | D:12     | XOM is BORED!
 10032 | D:12     | XOM: mild Tmut miscast
 10059 | D:12     | Found a blossoming altar of Fedhas.
 10142 | D:12     | XOM: summons friendly ufetubus
 10212 | D:12     | Noticed a two-headed ogre
 10225 | D:12     | Killed a two-headed ogre
 10305 | D:12     | XOM: silly message
 10309 | D:12     | Got a bloodstained ring mail
 10316 | D:12     | Reached skill level 5 in Dodging
 10324 | D:12     | Identified the cursed +1 ring mail "Jathoono" {*Contam rC+ SInv Stlth+} (You found it on level 12 of the Dungeon)
 10367 | D:12     | Noticed a deep elf mage
 10372 | D:12     | Killed a deep elf mage
 10417 | D:12     | XOM is BORED!
 10417 | D:12     | XOM: blink monster(s)
 10430 | D:12     | Noticed Kirke
 10519 | D:12     | Reached XP level 12. HP: 68/94 MP: 9/9
 10634 | D:12     | XOM: medium Hex miscast
 10699 | D:12     | XOM: medium Tloc miscast
 10822 | D:12     | Noticed a two-headed ogre
 10833 | D:12     | Killed a two-headed ogre
 11134 | D:13     | Noticed a centaur warrior
 11136 | D:13     | Noticed a two-headed ogre
 11144 | D:13     | Killed a centaur warrior
 11145 | D:13     | XOM: confuse monster(s)
 11149 | D:13     | Noticed a tengu warrior
 11149 | D:13     | Killed a two-headed ogre
 11161 | D:13     | XOM: blink monster(s)
 11163 | D:13     | Killed a tengu warrior
 11163 | D:13     | Reached skill level 10 in Armour
 11196 | D:13     | Noticed a centaur warrior
 11198 | D:13     | Reached skill level 10 in Dodging
 11206 | D:13     | XOM: confusion
 11212 | D:13     | Killed a centaur warrior
 11213 | D:13     | XOM: chaos upgrade
 11229 | D:13     | XOM: smoke on damage
 11237 | D:13     | XOM: enchant monster (bad)
 11314 | D:13     | Found a frozen archway.
 11364 | D:13     | XOM: give mutation
 11472 | D:13     | XOM: potion effect (might)
 11475 | D:13     | XOM: swap monsters
 11479 | D:13     | XOM: harmless Summ miscast
 11560 | D:13     | Reached XP level 13. HP: 52/99 MP: 9/9
 11565 | D:13     | Found a gate to the Vaults.
 11693 | D:13     | Found a stormy altar of Qazlal.
 11747 | D:13     | XOM: draining
 11857 | D:13     | Found a radiant altar of Vehumet.
 11866 | D:13     | XOM: mild Tloc miscast
 11874 | D:13     | XOM: potion effect (curing)
 11889 | D:13     | XOM: divination: magic mapping
 12055 | D:14     | XOM is BORED!
 12055 | D:14     | XOM: mild Chrm miscast
 12151 | D:14     | XOM: summons 6 hostile demons
 12360 | Lair:1   | Entered Level 1 of the Lair of Beasts
 12536 | Lair:1   | XOM: 6-stop teleportation journey
 13134 | Lair:2   | XOM: noise
 13135 | Lair:2   | XOM: 3-stop teleportation journey
 13166 | Lair:2   | Found a labyrinth entrance.
 13179 | Lab      | XOM: stealth player
 13179 | Lab      | Entered a labyrinth
 13264 | Lab      | Noticed a minotaur
 13266 | Lab      | XOM: divine lightning
 13271 | Lab      | Killed a minotaur
 13334 | Lair:2   | Got an ancient helmet
 13345 | Lair:2   | Identified the +0 helmet of the Lonely Wars {+Fly rN+++ MP-9} (You found it on level 2 of the Lair of Beasts)
 13358 | Lair:2   | XOM: god gift: wand of scattershot (7) {god gift}
 13557 | Lair:2   | XOM: destruction
 14019 | Lair:3   | XOM: enchant monster (good)
 14043 | Lair:3   | XOM: cleaving
 14242 | Lair:3   | XOM: destruction
 14328 | Lair:3   | XOM: noise
 14639 | Lair:3   | XOM: potion effect (curing)
 14666 | Lair:3   | XOM: potion effect (haste)
 14679 | Lair:3   | Found a hole to the Spider Nest.
 14758 | Lair:3   | XOM: potion effect (invisibility)
 14887 | Lair:3   | XOM: divination: magic mapping
 15062 | Lair:4   | XOM: potion effect (curing)
 15100 | Lair:4   | XOM: harmless Fire miscast
 15105 | Lair:4   | XOM: enchant monster (good)
 15115 | Lair:4   | XOM: cast spell 'Ring of Flames'
 15119 | Lair:4   | XOM: noise
 15147 | Lair:4   | Found a staircase to the Shoals.
 15156 | Lair:4   | Gained mutation: You resist negative energy. (rN+) [Deep Dwarf growth]
 15156 | Lair:4   | Reached XP level 14. HP: 67/108 MP: 10/10
 15258 | Lair:4   | XOM: summons friendly shadow imp
 15344 | Lair:4   | XOM: 3-stop teleportation journey
 15352 | Lair:4   | XOM: cast spell 'Summon Ice Beast'
 15373 | Lair:4   | XOM is BORED!
 15373 | Lair:4   | XOM: mild Ice miscast
 15416 | Lair:4   | XOM: mild Air miscast
 15524 | Lair:4   | XOM: medium Tmut miscast
 15524 | Lair:4   | Gained mutation: You are weak. (Str -2) [mutagenic glow]
 15645 | Lair:5   | XOM: silly message
 15665 | Lair:5   | XOM: mild Tloc miscast
 15724 | Lair:5   | XOM: summons 2 friendly demons
 15748 | Lair:5   | XOM: polymorph eight-headed hydra -> catoblepas
 15751 | Lair:5   | XOM: polymorph catoblepas -> dire elephant
 15763 | Lair:5   | XOM: blink monster(s)
 15981 | Lair:5   | XOM: harmless Pois miscast
 16112 | Lair:5   | XOM: give mutations
 16112 | Lair:5   | Gained mutation: You are very frail. (-20% HP) [Xom's mischief]
 16112 | Lair:5   | Gained mutation: Scrolls take you longer to read. [Xom's mischief]
 16360 | Lair:5   | XOM: harmless Summ miscast
 16423 | Lair:5   | XOM: medium Erth miscast
 16585 | Lair:6   | Entered Level 6 of the Lair of Beasts
 16586 | Lair:6   | XOM: enchant monster (good)
 16595 | Lair:5   | XOM: polymorph yak -> guardian serpent
 16674 | Lair:6   | Found a dark tunnel.
 16699 | Volcano  | Entered a volcano
 17017 | Lair:6   | Found a staircase to the Slime Pits.
 17163 | Lair:6   | XOM: summons 7 hostile demons
 17173 | Lair:6   | XOM: give mutations
 17173 | Lair:6   | Gained mutation: Scrolls take you much longer to read. [Xom's mischief]
 17173 | Lair:6   | Lost mutation: You are weak. (Str -2) [Xom's mischief]
 17173 | Lair:6   | Gained mutation: You occasionally shout uncontrollably at your foes. [Xom's mischief]
 17189 | Lair:6   | XOM: mild Fire miscast
 17289 | Lair:6   | XOM: enchant monster (bad)
 17431 | Lair:6   | Got a crude lead ring
 17439 | Lair:6   | Identified the ring "Ydex" {*Tele rF- Dex+9 Slay+3 SInv} (You found it on level 6 of the Lair of Beasts)
 17633 | Lair:6   | XOM: blink monster(s)
 17736 | Lair:6   | XOM: cast spell 'Leda's Liquefaction'
 17745 | Lair:6   | XOM: enchant monster (bad)
 17823 | Lair:6   | XOM: scenery: create altars
 17839 | Lair:6   | Reached XP level 15. HP: 91/105 MP: 8/8
 18398 | D:12     | Found a blossoming altar of Fedhas.
 18489 | D:12     | Killed Kirke
 18616 | D:14     | XOM: harmless Hex miscast
 18718 | D:14     | XOM: scenery: create altars
 18740 | D:14     | XOM: chaos upgrade
 18843 | D:14     | XOM: swap monsters
 18955 | D:14     | XOM: god gift: 50 gold pieces {god gift}
 18971 | D:15     | Entered Level 15 of the Dungeon
 18997 | D:15     | XOM: smoke on damage
 19006 | D:15     | XOM: give mutations
 19006 | D:15     | Gained mutation: You are somewhat resistant to further mutation. [Xom's grace]
 19006 | D:15     | Gained mutation: You are resistant to hostile enchantments. (MR+) [Xom's grace]
 19006 | D:15     | Gained mutation: Your mind is acute. (Int +2) [Xom's grace]
 19057 | D:15     | XOM: cast spell 'Summon Small Mammal'
 19069 | D:15     | Found Paug's Assorted Antiques.
 19080 | D:15     | Bought a scroll of teleportation for 69 gold pieces
 19080 | D:15     | Bought a potion of curing for 69 gold pieces
 19080 | D:15     | Bought a scroll of teleportation for 69 gold pieces
 19080 | D:15     | Bought a scroll of teleportation for 69 gold pieces
 19167 | D:15     | XOM: harmless Chrm miscast
 19275 | D:15     | Found Picoihiv's Antique Weapon Shop.
 19304 | D:15     | Bought a runed battleaxe for 323 gold pieces
 19397 | D:15     | Found Amaickut's General Store.
 19400 | D:15     | Bought a potion of heal wounds for 70 gold pieces
 19400 | D:15     | Bought a scroll of blinking for 105 gold pieces
 19426 | D:15     | XOM: enchant monster (bad)
 19441 | D:15     | Found Yned's Armour Emporium.
 19469 | D:15     | Found Waptesol's Armour Shop.
 19506 | D:15     | XOM: confusion (+ monsters)
 19623 | D:15     | XOM: enchant monster (bad)
 19668 | D:15     | XOM: scenery: 1 doors close
 19672 | D:15     | XOM: blink monster(s)
 19696 | D:15     | XOM: harmless Pois miscast
 19719 | D:15     | Found a staircase to the Depths.
 19932 | Orc:1    | Entered Level 1 of the Orcish Mines
 19932 | Orc:1    | Found Yxinit's Book Emporium.
 19952 | Orc:1    | Found Desacui's Antique Weapon Shoppe.
 20027 | Orc:1    | Found Ytzepsev's Weapon Emporium.
 20168 | Orc:1    | Found Xoerch's Armour Boutique.
 20194 | Orc:1    | Bought a +1 helmet of see invisible for 181 gold pieces
 20231 | Orc:1    | Found Useuwineg's Gadget Emporium.
 20250 | Orc:1    | Bought a wand of clouds (8) for 396 gold pieces
 20268 | Orc:1    | XOM: medium Chrm miscast
 20295 | Orc:1    | XOM: god gift: 14 gold pieces {god gift}
 20613 | Orc:2    | Entered Level 2 of the Orcish Mines
 20637 | Orc:2    | XOM: harmless Tmut miscast
 20654 | Orc:2    | Found a roughly hewn altar of Beogh.
 20774 | Orc:2    | XOM: medium Tmut miscast
 21064 | Orc:2    | XOM: confuse monster(s)
 21091 | Orc:2    | XOM: confusion (+ monsters)
 21217 | Orc:2    | XOM: potion effect (curing)
 21303 | Orc:2    | XOM: mild Pois miscast
 21424 | Orc:2    | Noticed an orc warlord
 21426 | Orc:2    | XOM: confuse monster(s)
 21438 | Orc:2    | Killed an orc warlord
 21534 | Orc:2    | XOM: chaos upgrade
 21716 | Orc:2    | XOM: harmless Necr miscast
 21778 | Orc:2    | Found Ynekas's General Store.
 21779 | Orc:2    | Found Caofel's Jewellery Boutique.
 21780 | Orc:2    | Found Noofei's Antique Armour Boutique.
 21780 | Orc:2    | Found Astrap's Antique Weapon Shop.
 21828 | Orc:2    | Bought the ring "Daleb" {rF++ MR+ Str+2 Dex+3} for 526 gold pieces
 22089 | Orc:2    | XOM: enchant monster (good)
 22127 | Orc:2    | Found a staircase to the Elven Halls.
 22314 | D:13     | XOM: give mutations
 22314 | D:13     | Gained mutation: You have large cloven feet. [Xom's grace]
 22314 | D:13     | Gained mutation: You expend magic power (3 MP) to strengthen your wands. [Xom's grace]
 22314 | D:13     | Gained mutation: Your mind is very acute. (Int +4) [Xom's grace]
 22495 | D:15     | Bought a scroll of brand weapon for 280 gold pieces
 22503 | D:15     | XOM: give mutations
 22503 | D:15     | Lost mutation: Scrolls take you much longer to read. [Xom's mischief]
 22503 | D:15     | Lost mutation: You are somewhat resistant to further mutation. [Xom's mischief]
 22503 | D:15     | Lost mutation: Scrolls take you longer to read. [Xom's mischief]
 22503 | D:15     | Lost mutation: Scrolls take you a little longer to read. [Xom's mischief]
 22700 | D:6      | XOM: stat loss: -1 Int (17/18)
 22722 | D:5      | Killed Serpenta's ghost
 22735 | D:4      | Bought a scroll of enchant weapon for 97 gold pieces
 22735 | D:4      | Bought a scroll of enchant weapon for 97 gold pieces
 22735 | D:4      | Bought a scroll of enchant weapon for 97 gold pieces
 22735 | D:4      | Bought a scroll of enchant weapon for 97 gold pieces
 22898 | D:5      | Found a radiant altar of Vehumet.
 22902 | D:5      | XOM: stat loss: -1 Dex (21/22)
 23200 | Lair:3   | XOM: harmless Chrm miscast
 23285 | Spider:1 | Entered Level 1 of the Spider Nest
 23291 | Spider:1 | XOM: repel stairs
 23383 | Spider:1 | Noticed an azure jelly
 23383 | Spider:1 | an emperor scorpion changed into an azure jelly
 23383 | Spider:1 | XOM: polymorph emperor scorpion -> azure jelly
 23395 | Spider:1 | Killed an azure jelly
 23395 | Spider:1 | Reached skill level 10 in Fighting
 23395 | Spider:1 | Reached XP level 16. HP: 74/116 MP: 1/8
 23473 | Spider:1 | XOM: harmless Pois miscast
 23780 | Spider:1 | XOM: mild Tmut miscast
 24038 | Spider:2 | XOM: polymorph tarantella -> cyclops
 24062 | Spider:2 | XOM: confusion (+ monsters)
 24088 | Spider:2 | XOM: noise
 24095 | Spider:2 | XOM: noise
 24111 | Spider:2 | XOM: cast spell 'Olgreb's Toxic Radiance'
 24124 | Spider:1 | XOM: severe Erth miscast
 24208 | Spider:2 | XOM: enchant monster (bad)
 24325 | Spider:2 | Reached skill level 15 in Dodging
 24436 | Spider:2 | XOM: harmless Fire miscast
 25155 | Spider:3 | Found a frozen archway.
 25172 | IceCv    | Entered an ice cave
 25275 | IceCv    | XOM: swap monsters
 25367 | IceCv    | XOM: summons 4 hostile shadow creatures
 25430 | IceCv    | XOM: 2-stop teleportation journey
 25614 | IceCv    | XOM: cast spell 'Statue Form'
 25638 | Spider:3 | Noticed Louise
 25638 | Spider:3 | Noticed Nikola
 25642 | Spider:3 | XOM: summons friendly quasit
 25645 | Spider:3 | Noticed Nikola
 25645 | Spider:3 | Nikola changed into Nikola the golden dragon
 25645 | Spider:3 | XOM: polymorph Nikola -> Nikola the golden dragon
 25655 | Spider:3 | XOM: confuse monster(s)
 25660 | Spider:3 | Killed Nikola the golden dragon
 25660 | Spider:3 | Reached skill level 15 in Armour
 25666 | Spider:3 | Killed Louise
 25686 | Spider:3 | XOM: god gift: wand of scattershot (6) {god gift}
 25705 | Spider:3 | Got a pair of scorched gloves
 25716 | Spider:3 | Identified the +2 pair of gloves of Ifiwobbops {+Inv rPois rC+} (You found it on level 3 of the Spider Nest)
 25809 | Spider:3 | Got a glittering copper amulet
 25810 | Spider:3 | Identified the amulet "Rigab" {Inacc +Blink} (You found it on level 3 of the Spider Nest)
 26043 | Spider:4 | Entered Level 4 of the Spider Nest
 26057 | Spider:4 | Noticed Agnes
 26066 | Spider:4 | Killed Agnes
 26091 | Spider:4 | hm... maybe i should retrain to staves? cause, you know, VAMPIRIC
 26110 | Spider:4 | Noticed Asterion
 26111 | Spider:4 | XOM: 1-stop teleportation journey
 26112 | Spider:4 | Noticed Arachne
 26120 | Spider:4 | XOM: polymorph spark wasp -> slime creature
 26124 | Spider:4 | XOM: fake destruction
 26143 | Spider:4 | Killed Arachne
 26255 | Spider:4 | Killed Asterion
 26276 | Spider:4 | XOM: mild Conj miscast
 26288 | Spider:4 | XOM: summons friendly shadow imp
 26340 | Spider:4 | XOM: mild Ice miscast
 26351 | Spider:4 | Reached XP level 17. HP: 78/122 MP: 1/9
 26414 | Spider:4 | Reached skill level 5 in Staves
 26441 | Spider:4 | XOM: 4-stop teleportation journey
 26592 | Spider:4 | XOM: confuse monster(s)
 26854 | Spider:4 | XOM: 5-stop teleportation journey
 26887 | Spider:4 | Learned a level 2 spell: Blink
 26890 | Spider:4 | Learned a level 2 spell: Passwall
 26893 | Spider:4 | Learned a level 2 spell: Swiftness
 26906 | Spider:4 | XOM: cast spell 'Statue Form'
 26908 | Spider:4 | XOM: potion effect (invisibility)
 26944 | Spider:4 | XOM: cast spell 'Dispersal'
 26947 | Spider:4 | XOM: potion effect (curing)
 27115 | Spider:4 | XOM: harmless Tloc miscast
 27216 | Spider:4 | XOM: summons 4 friendly demons
 27226 | Spider:4 | XOM: polymorph soul eater -> sun demon
 27241 | Spider:4 | Got a gossamer rune of Zot
 27326 | Spider:4 | XOM: scenery: 1 doors close
 27562 | Vaults:1 | Entered Level 1 of the Vaults
 27651 | Vaults:1 | XOM is BORED!
 27651 | Vaults:1 | XOM: 2-stop teleportation journey
 27816 | Vaults:1 | XOM: enchant monster (good)
 27840 | Vaults:1 | Reached skill level 10 in Staves
 27925 | Vaults:1 | XOM: 1-stop teleportation journey
 28042 | Vaults:1 | XOM: enchant monster (good)
 28072 | Vaults:1 | XOM: harmless Erth miscast
 28334 | Vaults:1 | XOM: divination: detect items
 28345 | Vaults:1 | XOM: summons friendly iron imp
 28351 | Vaults:1 | XOM: cast spell 'Summon Ice Beast'
 28372 | Vaults:1 | XOM: confuse monster(s)
 28674 | Vaults:1 | XOM: blink monster(s)
 28677 | Vaults:1 | XOM: confusion (+ monsters)
 28689 | Vaults:1 | Gained mutation: You passively map a large area around you. [Deep Dwarf growth]
 28689 | Vaults:1 | Reached XP level 18. HP: 52/128 MP: 6/9
 28898 | Vaults:1 | XOM: noise
 29355 | Vaults:1 | XOM: polymorph ironbrand convoker -> glowing orange brain
 29377 | Vaults:1 | XOM: give mutation
 29377 | Vaults:1 | Lost mutation: You are clumsy. (Dex -2) [Xom's mischief]
 29508 | Vaults:2 | XOM: 7-stop teleportation journey
 29523 | Vaults:2 | XOM: summons friendly shadow imp
 29548 | Vaults:2 | XOM: polymorph shadow imp -> ufetubus
 29551 | Vaults:2 | XOM: swap monsters
 29562 | Vaults:2 | XOM: harmless Conj miscast
 29591 | Vaults:2 | XOM: medium Air miscast
 29631 | Vaults:2 | XOM: chaos upgrade
 29650 | Vaults:2 | XOM: severe Ice miscast
 29680 | Vaults:2 | XOM: scenery: 2 doors open
 29705 | Vaults:2 | XOM: 1-stop teleportation journey
 29757 | Vaults:2 | Found Seoneorod's Armour Boutique.
 29780 | Vaults:2 | XOM: noise
 29899 | Vaults:2 | XOM: summons 2 friendly demons
 30053 | Vaults:2 | XOM: summons friendly crimson imp
 30099 | Vaults:2 | XOM: confuse monster(s)
 30113 | Vaults:2 | XOM: silly message
 30125 | Vaults:2 | XOM: cleaving
 30132 | Vaults:2 | Noticed a curse toe
 30132 | Vaults:2 | a small abomination changed into a curse toe
 30132 | Vaults:2 | XOM: polymorph small abomination -> curse toe
 30138 | Vaults:2 | Killed a curse toe
 30226 | Vaults:2 | XOM: confusion
 30238 | Vaults:2 | XOM: summons 4 hostile demons
 30338 | Vaults:2 | XOM: 2-stop teleportation journey
 30680 | Vaults:2 | XOM: mild Hex miscast
 30716 | Vaults:2 | XOM: give mutation
 30716 | Vaults:2 | Lost mutation: You have large cloven feet. [Xom's mischief]
 30901 | Vaults:2 | Reached XP level 19. HP: 134/134 MP: 7/7
 30936 | Vaults:2 | XOM: cast spell 'Summon Small Mammal'
 31067 | Vaults:2 | XOM: summons friendly ynoxinul
 31131 | Vaults:3 | XOM: confusion
 31152 | Vaults:3 | XOM: stat loss: -1 Str (23/24)
 31165 | Vaults:3 | XOM: polymorph ogre mage -> faun
 31311 | Vaults:3 | XOM: enchant monster (good)
 31314 | Vaults:3 | XOM: torment (74/134 hp)
 31361 | Vaults:3 | Found a staircase to the Crypt.
 31409 | Vaults:3 | XOM: medium Chrm miscast
 31532 | Vaults:3 | XOM: 7-stop teleportation journey
 31541 | Vaults:3 | Found Mahuipeu's Assorted Antiques.
 31549 | Vaults:3 | Bought a potion of curing for 102 gold pieces
 31673 | Vaults:3 | XOM: summons 1 hostile demon
 31680 | Vaults:3 | XOM: cast spell 'Ring of Flames'
 31698 | Vaults:3 | XOM: confuse monster(s)
 31720 | Vaults:3 | XOM: enchant monster (bad)
 31727 | Vaults:3 | XOM: noise
 31732 | Vaults:3 | XOM: swap monsters
 31740 | Vaults:3 | XOM: polymorph orc warrior -> killer bee
 31745 | Vaults:3 | XOM: summons 2 friendly demons
 31749 | Vaults:3 | XOM: confuse monster(s)
 31776 | Vaults:3 | XOM: divination: magic mapping
 31786 | Vaults:3 | XOM: polymorph orc warrior -> iguana
 31837 | Vaults:3 | XOM: divination: detect creatures
 31972 | Vaults:3 | XOM: confusion
 31978 | Vaults:3 | XOM: polymorph vault sentinel -> tarantella
 31993 | Vaults:3 | XOM: scenery: 1 doors open
 32087 | Vaults:3 | XOM: severe Summ miscast
 32087 | Vaults:3 | Cast into level 4 of the Abyss (the severe capriciousness of Xom)
 32093 | Abyss:4  | Found a corrupted altar of Lugonu.
 32104 | Abyss:4  | Noticed a profane servitor
 32110 | Abyss:4  | XOM: summons 6 friendly demons
 32208 | Abyss:4  | Gained mutation: Potions are less effective at restoring your health. [a neqoxec]
 32308 | Abyss:4  | XOM: cleaving
 32348 | Abyss:4  | XOM: potion effect (invisibility)
 32353 | Abyss:4  | XOM: harmless Chrm miscast
 32450 | Abyss:4  | Found a corrupted altar of Lugonu.
 32484 | Abyss:4  | XOM: potion effect (heal wounds)
 32516 | Abyss:4  | FU
 32574 | Abyss:4  | XOM: potion effect (agility)
 32612 | Abyss:4  | XOM: silly message
 32635 | Abyss:4  | Noticed a bone dragon
 32716 | Abyss:4  | XOM: potion effect (agility)
 32720 | Abyss:4  | XOM: divination: detect items
 32740 | Abyss:4  | XOM: divination: magic mapping
 32743 | Abyss:4  | XOM: summons friendly iron imp
 32748 | Abyss:4  | Reached skill level 10 in Evocations
 32760 | Abyss:4  | XOM: noise
 32795 | Abyss:4  | Paralysed by accursed screaming for 1 turns
 32800 | Abyss:4  | XOM: potion effect (invisibility)
 32801 | Abyss:4  | XOM: confuse monster(s)
 32802 | Abyss:4  | Paralysed by accursed screaming for 1 turns
 32825 | Abyss:4  | XOM: scenery: create altars
 32921 | Abyss:4  | XOM: harmless Summ miscast
 32954 | Abyss:4  | XOM: enchant monster (good)
 32960 | Abyss:4  | XOM: summons 6 friendly demons
 32962 | Abyss:4  | XOM: mild Erth miscast
 32982 | Abyss:4  | XOM: polymorph blink frog -> hog
 32985 | Abyss:4  | XOM: fog
 32990 | Abyss:4  | XOM: scenery: create altars
 33000 | Abyss:4  | Found a corrupted altar of Lugonu.
 33004 | Abyss:4  | XOM: summons 6 friendly demons
 33026 | Abyss:4  | XOM: summons friendly ufetubus
 33038 | Abyss:4  | XOM: cast spell 'Cause Fear'
 33043 | Abyss:4  | XOM: summons friendly ufetubus
 33053 | Abyss:4  | Got an abyssal rune of Zot
 33094 | Abyss:4  | Found a corrupted altar of Lugonu.
 33178 | Abyss:4  | XOM: divination: detect creatures
 33279 | Abyss:4  | XOM: confuse monster(s)
 33320 | Abyss:4  | god damn
 33320 | Abyss:4  | just generate the fucking gate out already
 33320 | Abyss:4  | i even got the fucking rune
 33352 | Vaults:3 | Escaped the Abyss
 33759 | Vaults:3 | XOM: mild Erth miscast
 33808 | Vaults:3 | XOM: potion effect (invisibility)
 33863 | Vaults:3 | XOM: confusion (+ monsters)
 33870 | Vaults:3 | XOM: summons 9 hostile demons
 33903 | Vaults:3 | Reached XP level 20. HP: 144/144 MP: 7/7
 33964 | Vaults:3 | XOM: mild Conj miscast
 34240 | Vaults:4 | Noticed Bai Suzhen
 34240 | Vaults:4 | XOM: summons 6 friendly demons
 34270 | Vaults:3 | Killed Bai Suzhen
 34637 | Vaults:4 | XOM: divination: magic mapping
 34942 | Vaults:4 | XOM: summons friendly quasit
 34949 | Vaults:4 | XOM: scenery: create altars
 34986 | Vaults:4 | XOM: summons friendly shadow imp
 35549 | D:13     | XOM: harmless Erth miscast
 35656 | Elf:1    | Entered Level 1 of the Elven Halls
 35662 | Elf:1    | Found Izusoor's Food Boutique.
 35784 | Elf:1    | XOM: summons friendly crimson imp
 35865 | Elf:1    | Found Cilioth's Food Boutique.
 36009 | Elf:1    | XOM: potion effect (brilliance)
 36014 | Elf:1    | XOM: cast spell 'Shadow Creatures'
 36057 | Elf:1    | XOM: divination: detect items
 36103 | Elf:1    | XOM: potion effect (might)
 36109 | Elf:1    | XOM: confuse monster(s)
 36178 | Elf:1    | Found Kogatreamp's General Store.
 36201 | Elf:1    | Identified the Tome of Attacks
 36218 | Elf:1    | Found a ruined gateway.
 36234 | Elf:1    | Found Tiesilag's Jewellery Shoppe.
 36257 | Desolati | XOM: noise
 36257 | Desolati | Entered the Desolation of Salt
 36263 | Desolati | XOM: harmless Summ miscast
 36265 | Desolati | XOM: divination: detect creatures
 36269 | Desolati | XOM: smoke on damage
 36276 | Desolati | XOM: enchant monster (bad)
 36277 | Desolati | XOM: confuse monster(s)
 36381 | Desolati | XOM: potion effect (haste)
 36397 | Desolati | XOM: potion effect (agility)
 36497 | Desolati | XOM: confuse monster(s)
 36592 | Desolati | Got obsidian-encrusted fire dragon scales
 36593 | Desolati | Identified the +2 fire dragon scales "Vexzyx" {rPois rF++ rC- MR+ Str+3 SInv} (You found it in the Desolation of Salt)
 36786 | Desolati | XOM: harmless Air miscast
 36791 | Desolati | XOM: severe Tmut miscast
 36791 | Desolati | Gained mutation: You tend to lose your temper in combat. [the severe capriciousness of Xom]
 36848 | Desolati | XOM: enchant monster (good)
 36859 | Desolati | Got a transparent war axe
 36860 | Desolati | Identified the +6 war axe of Disharmony {holy, *Rage rPois Int+4 SInv} (You found it in the Desolation of Salt)
 36871 | Desolati | Got bloodstained steam dragon scales
 36872 | Desolati | Identified the +3 steam dragon scales of Noon {rElec rPois rC- MP-9} (You found it in the Desolation of Salt)
 36900 | Desolati | XOM: enchant monster (good)
 36926 | Desolati | Reached skill level 15 in Fighting
 36955 | Desolati | XOM: summons 10 friendly demons
 37012 | Desolati | XOM: 3-stop teleportation journey
 37038 | Desolati | XOM: potion effect (invisibility)
 37039 | Desolati | XOM: cast spell 'Statue Form'
 37129 | Desolati | XOM: confuse monster(s)
 37140 | Desolati | XOM: divine lightning
 37301 | Desolati | XOM: enchant monster (good)
 37314 | Desolati | XOM: polymorph servant of whispers -> entropy weaver
 37320 | Desolati | XOM: destruction
 37565 | Elf:1    | XOM: cleaving
 37699 | Elf:1    | XOM: confuse monster(s)
 37704 | Elf:1    | Identified Sif Muna's Disquisition on Assistive Ignition
 37759 | Elf:1    | XOM: mild Ice miscast
 38014 | Elf:1    | Reached XP level 21. HP: 157/161 MP: 8/8
 38097 | Elf:2    | XOM: smoke on damage
 38115 | Elf:2    | XOM: 7-stop teleportation journey
 38329 | Elf:2    | Found a runed gate.
 38330 | Elf:2    | Found a runed gate.
 38332 | Elf:2    | Found a runed gate.
 38349 | Elf:2    | XOM: scenery: create altars
 38455 | Elf:2    | XOM: scenery: 2 doors open
 38495 | Elf:2    | XOM: destruction
 38601 | Elf:2    | XOM: potion effect (might)
 38902 | Elf:3    | Entered Level 3 of the Elven Halls
 38958 | Elf:3    | Found Kynyi's Food Shoppe.
 38986 | Elf:3    | XOM: cleaving
 39148 | Elf:3    | XOM: give mutation
 39148 | Elf:3    | Lost mutation: You are very frail. (-20% HP) [Xom's mischief]
 39241 | Elf:3    | XOM: god gift: wand of scattershot (4) {god gift}
 39277 | Elf:3    | XOM: god gift: ration {god gift}
 39311 | Elf:3    | XOM: chaos upgrade
 39616 | Elf:3    | XOM: give mutation
 39616 | Elf:3    | Lost mutation: Your mind is very acute. (Int +4) [Xom's mischief]
 39654 | Elf:3    | XOM: enchant monster (good)
 39667 | Elf:3    | XOM: give mutations
 39667 | Elf:3    | Lost mutation: You are frail. (-10% HP) [Xom's mischief]
 39667 | Elf:3    | Lost mutation: You are partially covered in thin metallic scales. (AC +2) [Xom's mischief]
 39667 | Elf:3    | Gained mutation: You are resistant to electric shocks. (rElec) [Xom's mischief]
 39667 | Elf:3    | Lost mutation: You expend magic power (3 MP) to strengthen your wands. [Xom's mischief]
 39908 | Elf:3    | XOM: noise
 39915 | Elf:3    | XOM: swap monsters
 39924 | Elf:3    | XOM: summons 16 friendly demons
 39956 | Elf:3    | XOM: smoke on damage
 40137 | Elf:3    | XOM: noise
 40163 | Elf:3    | XOM: destruction
 40176 | Elf:3    | XOM: summons 1 hostile shadow creature
 40181 | Elf:3    | XOM: cast spell 'Alistair's Intoxication'
 40272 | Elf:3    | XOM: harmless Ice miscast
 40392 | Elf:3    | Got a fine lajatang {freeze}
 40393 | Elf:3    | Identified the +7 lajatang "Transmigrator" {freeze, rN+++ MR+ Int+3 Dex-3} (You took it off a deep elf sorcerer on level 3 of the Elven Halls)
 40440 | Elf:3    | XOM: swap monsters
 40508 | Elf:3    | XOM: polymorph deep elf sorcerer -> minotaur
 40556 | Elf:3    | Got an ichor-stained plate armour
 40557 | Elf:3    | Identified the +1 plate armour of Poor Excuses {+Inv rN+ Str+2} (You took it off a deep elf high priest on level 3 of the Elven Halls)
 40559 | Elf:3    | Got a scintillating zirconium amulet
 40560 | Elf:3    | Identified the amulet "Ireni" {Gourm rF+} (You took it off a deep elf high priest on level 3 of the Elven Halls)
 40599 | Elf:3    | Got a dazzling broad axe
 40600 | Elf:3    | Identified the +5 broad axe of the Owl {chop, *Corrode rElec rF+++ Str-2} (You found it on level 3 of the Elven Halls)
 40701 | Elf:3    | XOM: give mutation
 40701 | Elf:3    | Gained mutation: You are occasionally teleported next to monsters. [Xom's mischief]
 40736 | Elf:3    | XOM: medium Pois miscast
 40939 | Shoals:1 | Entered Level 1 of the Shoals
 40955 | Shoals:1 | Found a sacrificial altar of Ru.
 41018 | Shoals:1 | Noticed Josephine
 41023 | Shoals:1 | Killed Josephine
 41028 | Shoals:1 | XOM: enchant monster (good)
 41050 | Shoals:1 | XOM: mild Hex miscast
 41171 | Shoals:1 | XOM: chaos upgrade
 41173 | Shoals:1 | XOM: summons 16 friendly demons
 41184 | Shoals:1 | XOM: cast spell 'Summon Mana Viper'
 41367 | Shoals:1 | XOM: swap monsters
 41466 | Shoals:1 | XOM: 5-stop teleportation journey
 41483 | Shoals:1 | XOM: cast spell 'Summon Ice Beast'
 41828 | Shoals:2 | XOM: harmless Tmut miscast
 41865 | Shoals:2 | Found Fiwigekh's Book Boutique.
 42103 | Shoals:2 | XOM: mild Necr miscast
 42272 | Shoals:2 | Reached XP level 22. HP: 197/215 MP: 9/9
 42479 | Shoals:2 | XOM: mild Hex miscast
 42609 | Shoals:3 | XOM: noise
 42609 | Shoals:3 | XOM: smoke on damage
 42674 | Shoals:3 | XOM: silly message
 42692 | Shoals:3 | XOM: harmless Tloc miscast
 42721 | Shoals:3 | XOM: enchant monster (bad)
 42814 | Shoals:3 | XOM: harmless Fire miscast
 42895 | Shoals:3 | XOM: mild Hex miscast
 42941 | Shoals:4 | Entered Level 4 of the Shoals
 42941 | Shoals:4 | Noticed Polyphemus
 42947 | Shoals:3 | XOM: summons friendly white imp
 42959 | Shoals:3 | Killed Polyphemus
 42967 | Shoals:3 | XOM: harmless Tmut miscast
 43021 | Shoals:4 | XOM: mild Tloc miscast
 43024 | Shoals:4 | Noticed Ilsuiw
 43040 | Shoals:4 | XOM: harmless Hex miscast
 43046 | Shoals:4 | Killed Ilsuiw
 43050 | Shoals:4 | XOM: potion effect (experience)
 43050 | Shoals:4 | Reached XP level 23. HP: 223/223 MP: 10/10
 43254 | Shoals:4 | XOM: silly message
 43276 | Shoals:4 | XOM: mild Hex miscast
 43386 | Shoals:4 | XOM: cast spell 'Leda's Liquefaction'
 43429 | Shoals:4 | XOM: potion effect (haste)
 43496 | Shoals:4 | XOM: polymorph harpy -> queen bee
 43507 | Shoals:4 | XOM: give mutation
 43507 | Shoals:4 | Lost mutation: Your mind is acute. (Int +2) [Xom's mischief]
 43512 | Shoals:4 | XOM: summons 16 friendly demons
 43516 | Shoals:4 | XOM: confusion (+ monsters)
 43570 | Shoals:4 | Got a barnacled rune of Zot
 43741 | Shoals:4 | XOM: enchant monster (bad)
 43759 | Shoals:4 | XOM: polymorph merfolk impaler -> great orb of eyes
 43762 | Shoals:4 | XOM: confusion
 43777 | Shoals:4 | XOM: summons 2 friendly demons
 43783 | Shoals:4 | XOM: god gift: scroll of enchant armour {god gift}
 43866 | Shoals:4 | XOM: harmless Erth miscast
 44366 | Depths:1 | Entered Level 1 of the Depths
 44475 | Depths:1 | XOM: swap monsters
 44694 | Depths:1 | XOM: noise
 44699 | Depths:1 | XOM: noise
 44797 | Depths:1 | XOM: enchant monster (bad)
 44810 | Depths:1 | Found a gateway to a ziggurat.
 44918 | Depths:1 | XOM: harmless Chrm miscast
 44949 | Depths:1 | Found Megonkuodd's One-of-a-Kind Books.
 45001 | Depths:1 | XOM: enchant monster (bad)
 45033 | Depths:1 | Found a gateway to Hell.
 45292 | Depths:1 | XOM: noise
 45333 | Depths:1 | Found Daudilep's Gadget Shop.
 45335 | Depths:1 | Found Zisegg's Jewellery Shoppe.
 45336 | Depths:1 | Found Wusmysk's Gadget Shop.
 45343 | Depths:1 | Bought an amulet of the Shining Light {Reflect rC+ rN++ Int-2 Slay+2 SH+4} for 668 gold pieces
 45367 | Depths:1 | XOM: give mutations
 45367 | Depths:1 | Gained mutation: You are dopey. (Int -2) [Xom's mischief]
 45367 | Depths:1 | Lost mutation: You occasionally shout uncontrollably at your foes. [Xom's mischief]
 45367 | Depths:1 | Lost mutation: You are resistant to hostile enchantments. (MR+) [Xom's mischief]
 45367 | Depths:1 | Gained mutation: Armour fits poorly on your strangely shaped body. [Xom's mischief]
 45598 | Depths:2 | Noticed a caustic shrike
 45598 | Depths:2 | a tengu reaver changed into a caustic shrike
 45598 | Depths:2 | XOM: polymorph tengu reaver -> caustic shrike
 45614 | Depths:1 | Killed a caustic shrike
 45721 | Depths:2 | XOM: mild Pois miscast
 45845 | Depths:2 | Found a one-way gate to the infinite horrors of the Abyss.
 45845 | Depths:2 | XOM: severe Necr miscast
 45873 | Depths:2 | XOM: confusion
 45879 | Depths:2 | XOM: noise
 45884 | Depths:2 | XOM: chaos cloud
 45890 | Depths:2 | Noticed a shard shrike
 45890 | Depths:2 | a titan changed into a shard shrike
 45890 | Depths:2 | XOM: polymorph titan -> shard shrike
 45896 | Depths:2 | Killed a shard shrike
 46009 | Depths:2 | XOM: harmless Tloc miscast
 46010 | Depths:2 | Reached XP level 24. HP: 212/234 MP: 10/10
 46040 | Depths:2 | XOM: enchant monster (bad)
 46064 | Depths:2 | XOM: harmless Pois miscast
 46067 | Depths:2 | XOM: confuse monster(s)
 46150 | Depths:2 | XOM: divination: detect items
 46158 | Depths:2 | XOM: potion effect (agility)
 46222 | Depths:2 | XOM: divination: detect items
 46849 | Depths:3 | XOM: divination: detect items
 46910 | Depths:3 | Noticed Xtahua
 46923 | Depths:3 | Noticed Boris
 46925 | Depths:3 | Killed Xtahua
 46926 | Depths:3 | XOM: divination: detect items
 46931 | Depths:3 | XOM: cast spell 'Leda's Liquefaction'
 46944 | Depths:3 | Killed Boris
 47011 | Depths:3 | XOM: divination: detect creatures
 47047 | Depths:3 | XOM: divination: magic mapping
 47055 | Depths:3 | XOM: harmless Air miscast
 47101 | Depths:3 | XOM: noise
 47105 | Depths:3 | XOM: summons friendly iron imp
 47107 | Depths:3 | XOM: cast spell 'Call Canine Familiar'
 47113 | Depths:3 | XOM: confusion (+ monsters)
 47117 | Depths:3 | XOM: blink monster(s)
 47118 | Depths:3 | XOM: enchant monster (good)
 47119 | Depths:3 | Noticed Sojobo
 47128 | Depths:3 | XOM: summons 12 hostile demons
 47165 | Depths:3 | XOM: mild Tmut miscast
 47177 | Depths:3 | XOM: swap monsters
 47178 | Depths:3 | XOM: god gift: short jewelled staff {god gift}
 47211 | Depths:3 | XOM: 4-stop teleportation journey
 47263 | Depths:3 | Killed Sojobo
 47273 | Depths:3 | XOM: swap monsters
 47378 | Depths:3 | XOM: confuse monster(s)
 47393 | Depths:3 | XOM: summons friendly crimson imp
 47394 | Depths:3 | XOM: polymorph deep troll -> merfolk
 47405 | Depths:3 | XOM: summons 13 friendly demons
 47499 | Depths:3 | XOM: god gift: wand of digging (9) {god gift}
 47601 | Depths:3 | XOM: mild Fire miscast
 47724 | Depths:3 | Found a one-way gate leading to the halls of Pandemonium.
 47888 | Depths:3 | XOM: summons friendly quasit
 47890 | Depths:3 | XOM: cleaving
 48190 | Depths:4 | XOM: cast spell 'Death Channel'
 48238 | Depths:4 | Found an ancient bone altar of Kikubaaqudgha.
 48239 | Depths:4 | Found a sparkling altar of Nemelex Xobeh.
 48239 | Depths:4 | Found a sacrificial altar of Ru.
 48239 | Depths:4 | Found a glowing silver altar of Zin.
 48259 | Depths:4 | XOM: give mutations
 48259 | Depths:4 | Gained mutation: You expend magic power (3 MP) to strengthen your wands. [Xom's grace]
 48259 | Depths:4 | Gained mutation: You are agile. (Dex +2) [Xom's grace]
 48259 | Depths:4 | Gained mutation: You are partially covered in icy blue scales. (AC +2) [Xom's grace]
 48488 | Depths:4 | Noticed an ancient lich
 48494 | Depths:4 | XOM: 7-stop teleportation journey
 48523 | Depths:4 | XOM: confuse monster(s)
 48587 | Depths:4 | XOM: 7-stop teleportation journey
 48714 | Depths:4 | Killed an ancient lich
 48714 | Depths:4 | Reached XP level 25. HP: 239/250 MP: 10/10
 48777 | Depths:4 | Found a runed door.
 48796 | Depths:4 | XOM: mild Ice miscast
 48847 | Depths:4 | Found a deep blue altar of Sif Muna.
 48852 | Depths:4 | Paralysed by a floating eye for 2 turns
 48924 | Depths:4 | Found a runed door.
 48948 | Depths:4 | Found a runed door.
 48962 | Depths:4 | XOM: smoke on damage
 49005 | Depths:4 | XOM: blink monster(s)
 49137 | Depths:4 | XOM: harmless Air miscast
 49141 | Depths:4 | XOM: noise
 49144 | Depths:4 | XOM: mild Hex miscast
 49163 | Depths:4 | XOM: mild Chrm miscast
 49300 | Depths:4 | XOM: confuse monster(s)
 49362 | Depths:4 | Noticed a juggernaut
 49376 | Depths:4 | XOM: divination: detect items
 49380 | Depths:4 | XOM: confuse monster(s)
 49382 | Depths:4 | Killed a juggernaut
 49471 | Depths:4 | XOM: 2-stop teleportation journey
 49625 | Depths:4 | XOM: god gift: 3 needles of confusion {god gift}
 49691 | Depths:4 | Noticed a juggernaut
 49696 | Depths:4 | XOM: confuse monster(s)
 49712 | Depths:4 | Killed a juggernaut
 49731 | Depths:4 | Got a twitching lead ring
 49732 | Depths:4 | Identified the ring "Fuug" {rPois Dex+2 Stlth+} (You found it on level 4 of the Depths)
 49778 | Depths:4 | XOM: polymorph necromancer -> faun
 49868 | Depths:4 | Found a runed door.
 49912 | Depths:4 | XOM: fog
 50102 | Depths:4 | Identified Pehuwium's Grimoire of the Mutagenic Rocks
 50119 | Depths:4 | Identified Wucomuob's Grimoire of Contamination and Weightlessness
 50121 | Depths:4 | XOM: god gift: 3 rations {god gift}
 50250 | Depths:4 | XOM: give mutations
 50250 | Depths:4 | Gained mutation: Your muscles are strong. (Str +2) [Xom's grace]
 50250 | Depths:4 | Gained mutation: You can translocate small distances at will. [Xom's grace]
 50289 | Depths:4 | XOM: silly message
 50301 | Depths:4 | XOM: scenery: create altars
 50302 | Depths:4 | XOM: give mutations
 50302 | Depths:4 | Lost mutation: Your muscles are strong. (Str +2) [Xom's mischief]
 50302 | Depths:4 | Lost mutation: You are resistant to electric shocks. (rElec) [Xom's mischief]
 50302 | Depths:4 | Lost mutation: You expend magic power (3 MP) to strengthen your wands. [Xom's mischief]
 50302 | Depths:4 | Gained mutation: Scrolls take you a little longer to read. [Xom's mischief]
 50308 | Depths:4 | Got a brightly glowing chain mail
 50311 | Depths:4 | Identified the +0 chain mail "Ebru" {Str+3 Stlth+} (You found it on level 4 of the Depths)
 50383 | Depths:5 | Entered Level 5 of the Depths
 50384 | Depths:5 | XOM: enchant monster (good)
 50388 | Depths:5 | Paralysed by a floating eye for 3 turns
 50414 | Depths:5 | XOM: cleaving
 50423 | Depths:5 | XOM: polymorph yellow draconian -> storm dragon
 50504 | Depths:5 | XOM: confuse monster(s)
 50536 | Depths:5 | Found a glowing golden altar of the Shining One.
 50690 | Depths:5 | XOM: cloud trail
 50785 | Depths:5 | XOM: divination: detect items
 50856 | Depths:5 | XOM: divination: magic mapping
 50993 | Depths:5 | Found a gate to the Realm of Zot.
 51068 | Depths:5 | XOM: cast spell 'Alistair's Intoxication'
 51071 | Depths:5 | XOM: confuse monster(s)
 51171 | Depths:5 | XOM: noise
 51371 | Vaults:4 | Lost mutation: Potions are less effective at restoring your health. [potion of mutation]
 51371 | Vaults:4 | Lost mutation: Armour fits poorly on your strangely shaped body. [potion of mutation]
 51371 | Vaults:4 | Lost mutation: You are partially covered in icy blue scales. (AC +2) [potion of mutation]
 51371 | Vaults:4 | Lost mutation: You tend to lose your temper in combat. [potion of mutation]
 51371 | Vaults:4 | Lost mutation: You are dopey. (Int -2) [potion of mutation]
 51371 | Vaults:4 | Lost mutation: Scrolls take you a little longer to read. [potion of mutation]
 51371 | Vaults:4 | Gained mutation: You have a somewhat thin skeletal structure. (Dex +2, Stealth) [potion of mutation]
 51372 | Vaults:4 | Lost mutation: You have a somewhat thin skeletal structure. (Dex +2, Stealth) [potion of mutation]
 51372 | Vaults:4 | Lost mutation: You are agile. (Dex +2) [potion of mutation]
 51372 | Vaults:4 | Gained mutation: Your skin changes colour to match your surroundings (Stealth+). [potion of mutation]
 51372 | Vaults:4 | Gained mutation: Your spells are a little harder to cast, but a little more powerful. [potion of mutation]
 51372 | Vaults:4 | Gained mutation: You are frail. (-10% HP) [potion of mutation]
 51372 | Vaults:4 | Gained mutation: You are somewhat resistant to further mutation. [potion of mutation]
 51373 | Vaults:4 | grrrrr
 51373 | Vaults:4 | fucking teleportitis
 51373 | Vaults:4 | oh well
 51376 | Vaults:5 | Entered Level 5 of the Vaults
 51384 | Vaults:5 | XOM: chaos upgrade
 51387 | Vaults:5 | XOM: noise
 51388 | Vaults:5 | XOM: harmless Conj miscast
 51399 | Vaults:5 | XOM: chaos upgrade
 51401 | Vaults:5 | XOM: enchant monster (good)
 51414 | Vaults:5 | XOM: enchant monster (bad)
 51418 | Vaults:5 | XOM: noise
 51421 | Vaults:5 | XOM: mild Tloc miscast
 51423 | Vaults:5 | XOM: confuse monster(s)
 51424 | Vaults:5 | Reached XP level 26. HP: 202/239 MP: 10/10
 51497 | Vaults:5 | XOM: blink monster(s)
 51512 | Vaults:5 | Noticed Frederick
 51512 | Vaults:5 | XOM: cast spell 'Statue Form'
 51514 | Vaults:5 | XOM: cast spell 'Shadow Creatures'
 51516 | Vaults:5 | XOM: enchant monster (good)
 51522 | Vaults:5 | XOM: summons 8 hostile demons
 51546 | Vaults:5 | Killed Frederick
 51578 | Vaults:5 | XOM: harmless Tloc miscast
 51600 | Vaults:5 | XOM: noise
 51610 | Vaults:5 | XOM: enchant monster (bad)
 51620 | Vaults:5 | XOM: scenery: create altars
 51638 | Vaults:5 | XOM: cast spell 'Summon Ice Beast'
 51642 | Vaults:5 | XOM: summons 12 friendly demons
 51648 | Vaults:5 | XOM: confuse monster(s)
 51664 | Vaults:5 | XOM: destruction
 51670 | Vaults:5 | XOM: scenery: create altars
 51676 | Vaults:5 | XOM: fog
 51677 | Vaults:5 | XOM: scenery: create altars
 51723 | Vaults:5 | Got a brightly glowing marble ring
 51735 | Vaults:5 | Got a wavering ivory ring
 51754 | Vaults:5 | Identified the ring "Xul Reig" {rElec rF- MR+ Str+8 Stlth-} (You took it off a yaktaur captain on level 5 of the Vaults)
 51756 | Vaults:5 | Identified the ring of Quschorr {rPois Str+7 Int-3 Stlth+} (You took it off a fire giant on level 5 of the Vaults)
 51935 | Vaults:5 | XOM: cleaving
 51942 | Vaults:5 | XOM: confuse monster(s)
 51979 | Vaults:5 | XOM: mild Conj miscast
 52267 | Vaults:5 | XOM: summons friendly crimson imp
 52309 | Vaults:5 | XOM: summons friendly white imp
 52325 | Vaults:5 | XOM: summons 2 friendly demons
 52373 | Vaults:5 | Got a scintillating glass ring
 52374 | Vaults:5 | Identified the ring of Perfectionism {Ice -Tele rN+ Int+3} (You took it off a deep elf mage on level 5 of the Vaults)
 52458 | Vaults:5 | Noticed an ancient lich
 52476 | Vaults:5 | Killed an ancient lich
 52481 | Vaults:5 | XOM: 3-stop teleportation journey
 52486 | Vaults:5 | XOM: medium Fire miscast
 52507 | Vaults:5 | XOM: mild Tmut miscast
 52521 | Vaults:5 | XOM: summons 4 hostile demons
 52524 | Vaults:5 | XOM: swap monsters
 52537 | Vaults:5 | Reached XP level 27. HP: 199/249 MP: 10/10
 52547 | Vaults:5 | XOM: summons 1 hostile demon
 52751 | Vaults:5 | XOM: give mutations
 52751 | Vaults:5 | Gained mutation: Your movements are slightly less encumbered by armour. (ER -2) [Xom's mischief]
 52751 | Vaults:5 | Gained mutation: You are weak. (Str -2) [Xom's mischief]
 52879 | Vaults:5 | Got a heavily runed glass ring
 52939 | Vaults:5 | XOM: noise
 52940 | Vaults:5 | Identified the ring "Iwkol" {Str+4 Slay+3} (You found it on level 5 of the Vaults)
 53156 | Vaults:5 | XOM: confuse monster(s)
 53316 | Vaults:5 | Got a silver rune of Zot
 53321 | Vaults:5 | Identified the Incunabulum of Lightness and Envenoming
 53368 | Vaults:5 | Got an ichor-stained chain mail
 53369 | Vaults:5 | Identified the +3 chain mail "Otaomo" {rC++} (You found it on level 5 of the Vaults)
 53372 | Vaults:5 | Got a shimmering crystal plate armour
 53373 | Vaults:5 | Identified the +6 crystal plate armour of Narcissism {Str-5 Slay+4 Stlth+} (You acquired it on level 5 of the Vaults)
 53419 | Vaults:5 | Got a twisted scale mail
 53420 | Vaults:5 | Identified the +4 scale mail "Run Eff" {-Cast rCorr Str+6} (You found it on level 5 of the Vaults)
 53667 | Zot:1    | Entered Level 1 of the Realm of Zot
 53669 | Zot:1    | XOM: confuse monster(s)
 53703 | Zot:1    | XOM: summons friendly crimson imp
 53704 | Zot:1    | XOM: summons 5 hostile demons
 53785 | Zot:1    | XOM: enchant monster (bad)
 53787 | Zot:1    | XOM: swap monsters
 53921 | Zot:1    | XOM: enchant monster (bad)
 54061 | Zot:1    | Got a slimy chain mail
 54062 | Zot:1    | Identified the +2 chain mail of the True Pharaoh {rPois rN+} (You found it on level 1 of the Realm of Zot)
 54335 | Zot:2    | XOM: swap monsters
 54357 | Zot:2    | Noticed an orb of fire
 54369 | Zot:2    | XOM: summons 2 friendly demons
 54383 | Zot:2    | Killed an orb of fire
 54385 | Zot:2    | XOM: divination: detect items
 54407 | Zot:2    | XOM: confuse monster(s)
 54451 | Zot:2    | XOM: divination: detect items
 54473 | Zot:2    | XOM: cleaving
 54474 | Zot:2    | XOM: scenery: create altars
 54500 | Zot:2    | so... oofs will be pretty hard
 54637 | Zot:2    | XOM: mild Tmut miscast
 54789 | Zot:2    | XOM: harmless Tmut miscast
 54866 | Zot:2    | XOM: god gift: 15 stones {god gift}
 55250 | Zot:3    | XOM: confuse monster(s)
 55352 | Zot:3    | Noticed an orb of fire
 55362 | Zot:3    | Gained mutation: You are dopey. (Int -2) [an orb of fire]
 55364 | Zot:3    | Killed an orb of fire
 55365 | Zot:3    | or not :)
 55471 | Zot:3    | meh
 55645 | Zot:3    | XOM: harmless Air miscast
 55664 | Zot:3    | XOM: summons friendly crimson imp
 55781 | Zot:3    | XOM: silly message
 56383 | Zot:4    | XOM: divination: detect items
 56593 | Zot:4    | Noticed an orb of fire
 56775 | Zot:4    | XOM: cast spell 'Summon Dragon'
 56842 | Zot:4    | XOM: cleaving
 56848 | Zot:4    | XOM: smoke on damage
 56852 | Zot:4    | XOM: cast spell 'Necromutation'
 56853 | Zot:4    | Killed an orb of fire
 56858 | Zot:4    | XOM: confuse monster(s)
 56909 | Zot:5    | Entered Level 5 of the Realm of Zot
 57059 | Zot:5    | Noticed an ancient lich
 57060 | Zot:5    | Noticed an orb of fire
 57060 | Zot:5    | Noticed an orb of fire
 57060 | Zot:5    | Noticed an orb of fire
 57066 | Zot:5    | Gained mutation: You tend to lose your temper in combat. [an orb of fire]
 57068 | Zot:5    | XOM: potion effect (haste)
 57070 | Zot:5    | XOM: summons 3 friendly demons
 57079 | Zot:5    | Killed an ancient lich
 57080 | Zot:5    | Killed an orb of fire
 57084 | Zot:5    | Killed an orb of fire
 57086 | Zot:5    | Killed an orb of fire
 57101 | Zot:5    | XOM: enchant monster (good)
 57106 | Zot:5    | XOM: cast spell 'Summon Horrible Things'
 57121 | Zot:5    | XOM: enchant monster (good)
 57150 | Zot:5    | hmm... maybe i should just rush to orb
 57193 | Zot:5    | XOM: confuse monster(s)
 57205 | Zot:5    | XOM: destruction
 57225 | Zot:5    | Got the Orb of Zot
 57229 | Zot:5    | XOM: cast spell 'Leda's Liquefaction'
 57301 | Zot:4    | Noticed Qickihif the pandemonium lord
 57301 | Zot:4    | ugh. go away
 57302 | Zot:4    | Noticed Daocigge the pandemonium lord
 57302 | Zot:4    | BOTH OF YOU
 57313 | Zot:4    | damn
 57315 | Zot:4    | XOM: enchant monster (good)
 57326 | Zot:4    | Your ally Qickihif died
 57328 | Zot:4    | XOM: summons friendly chaos spawn
 57360 | Zot:3    | XOM: repel stairs
 57430 | Zot:1    | xom stop it
 57430 | Zot:1    | not funny
 57446 | Depths:5 | Noticed Haoxig the pandemonium lord
 57450 | Depths:5 | ...
 57454 | Depths:5 | XOM: enchant monster (bad)
 57476 | Depths:5 | Killed Haoxig the pandemonium lord
 57477 | Depths:5 | XOM: summons 6 friendly demons
 57482 | Depths:4 | wtf
 57594 | D:13     | Noticed a seraph
 57754 | D:5      | XOM: summons 2 friendly demons
 57861 | D:1      | XOM: give mutation
 57861 | D:1      | Lost mutation: You are frail. (-10% HP) [Xom's grace]
 57909 | D:$      | Escaped with the Orb!
